 Dungeon Crawl Stone Soup version 0.29.1-12-g30fa7ad0bf (webtiles) character file.

Game seed: 7196415089472874889

165 GigaChad the Shield-Bearer (level 5, -6/47 HPs)
             Began as a Minotaur Fighter on Dec 15, 2022.
             Was an Initiate of Trog.
             Killed by nerve-wracking pain
             ... invoked by an orc priest
              (14 damage)
             ... on level 4 of the Dungeon on Dec 16, 2022.
             The game lasted 00:06:54 (2851 turns).

GigaChad the Shield-Bearer (Minotaur Fighter)       Turns: 2851, Time: 00:06:55

Health: -6/47      AC: 10    Str: 22    XL:     5   Next: 21%
Magic:  4/4        EV:  8    Int:  5    God:    Trog [......]
Gold:   237        SH:  4    Dex: 10    Spells: 4/4 levels left

rFire   . . .      SeeInvis .   a - +0 war axe
rCold   . . .      Faith    .   c - +0 buckler
rNeg    . . .      Spirit   .   r - +0 chain mail
rPois   .          Reflect  .   (helmet restricted)
rElec   .          Harm     .   j - +0 cloak
rCorr   .          Rampage  .   (no gloves)
Will    .....                   (no boots)
Stlth   ..........              (no amulet)
HPRegen 0.15/turn               (no ring)
MPRegen 0.09/turn               (no ring)

@: no status effects
A: horns 2, retaliatory headbutt
a: Renounce Religion


You were on level 4 of the Dungeon.
You worshipped Trog.
Trog was noncommittal.
You visited 2 branches of the dungeon, and saw 5 of its levels.

You collected 237 gold pieces.

Inventory:

Hand Weapons
 a - a +0 war axe (weapon)
Armour
 b - a +0 scale mail
 c - a +0 buckler (worn)
 j - a +0 cloak (worn)
 r - a +0 chain mail (worn)
Jewellery
 l - a ring of protection from fire
 t - a +4 ring of evasion
 u - a ring of flight
 w - a ring of wizardry
 A - a ring of see invisible
Scrolls
 g - 5 scrolls of immolation {unknown}
 i - 2 scrolls of acquirement {unknown}
 k - a scroll of torment {unknown}
 m - 2 scrolls of teleportation {unknown}
 n - 2 scrolls of identify {unknown}
 p - a scroll of amnesia {unknown}
 q - a scroll of enchant armour {unknown}
 s - a scroll of poison {unknown}
 v - a scroll of brand weapon {unknown}
 y - a scroll of fear {unknown}
 z - a scroll of noise {unknown}
Potions
 d - a potion of might
 e - 2 potions of lignification {unknown}
 f - 2 potions of resistance {unknown}
 h - 2 potions of curing {unknown}
 o - a potion of attraction {unknown}
 x - a potion of cancellation {unknown}


   Skills:
 * Level 4.4 Fighting
 + Level 4.2 Axes
 + Level 4.3 Armour
 * Level 1.7 Dodging
 * Level 4.5 Shields


You had 4 spell levels left.
You didn't know any spells.
Your spell library contained the following spells:

 Spells                   Type           Power      Damage    Failure   Level
 Shock                    Conj/Air       0%         1d3       99%         1
 Swiftness                Air            0%         N/A       100%        3
 Airstrike                Air            0%         2d(0-16)  100%        4


Dungeon Overview and Level Annotations

Branches:
Dungeon (4/15)             Temple (1/1) D:4

Altars:
Ashenzari
Cheibriados
Fedhas
Gozag
Hepliaklqana
Kikubaaqudgha
Makhleb
Okawaru
Ru
Trog
Uskayaw
Vehumet
Wu Jian
Xom
Yredelemnul
Zin
The Shining One

Shops:
D:2 !

Annotations:
D:4 1 runed translucent door, Crazy Yiuf
Temple 2 transporters


Innate Abilities, Weirdness & Mutations

You have a pair of horns on your head.
You reflexively headbutt those who attack you in melee.


Message History

An orc and an orc priest come into view.
Found a scroll labelled ODEPHE RUEL.
The orc shouts!
The orc priest shouts!
The orc priest mumbles some strange prayers to Beogh against you.
Beogh smites you!
The orc priest miscasts a cantrip.
The orc hits you but does no damage.
You hit the orc but do no damage. Your headbutt misses the orc.
The orc barely misses you.
You slash the orc!
You kill the orc!
Trog accepts your kill.
You closely miss the orc. You hit the orc but do no damage.
You hit the orc priest. The orc hits you but does no damage.
The orc priest closely misses you.
The orc priest hits you but does no damage.
The orc hits you but does no damage.
You closely miss the orc. You barely miss the orc priest.
The orc hits you with a +0 hand axe. The orc priest closely misses you.
You barely miss the orc.
You hit the orc priest but do no damage.
You hit the orc priest.
The orc priest hits you with a +0 dagger.
The orc hits you with a +0 hand axe.
The orc priest hits you with a +0 flail.
You hit the orc. You headbutt the orc.
You kill the orc!
Trog accepts your kill.
You slash the orc priest! You barely miss the orc priest.
The orc priest hits you but does no damage.
The orc priest mumbles some strange prayers to Beogh against you.
Beogh smites you!
The orc priest calls upon Beogh to heal the orc priest.
The orc priest is healed somewhat.
The orc priest hits you with a +0 flail!
* * * LOW HITPOINT WARNING * * *
The worm bites you but does no damage. The orc priest barely misses you.
The orc priest calls down the wrath of Beogh upon you.
Pain shoots through your body!
You die...

...#.....##..........
...#.....#..############
...#.....†.###..?.......
...#......##............
#.##......##............
#..#.....#..............
.<.#.....#..............
.........#.......w......
.........###...o@o......
###......# #.....#######
#.>....# #.[...#####
##.#...# #.........#
#.#...# #.........#
####.#...###.........#
.....................#
.......#......#.######
.......#......#.#####


You could see a worm and 2 orc priests.

Vanquished Creatures
  A jelly (D:4)
  6 adders
  A worm (D:2)
  3 dart slugs
  2 orcs (D:4)
  8 endoplasms
  A giant cockroach (D:2)
  5 goblins
  8 hobgoblins
  5 jackals
  3 kobolds
  A quokka (D:2)
  6 ball pythons
  8 bats
  4 frilled lizards
  4 rats
66 creatures vanquished.

Notes
Turn   | Place    | Note
-------+----------+-------------------------------------------
     0 | D:1      | GigaChad the Minotaur Fighter began the quest for the Orb.
     0 | D:1      | Reached XP level 1. HP: 19/19 MP: 0/0
   125 | D:1      | Reached XP level 2. HP: 26/27 MP: 1/1
   492 | D:1      | Found a faded altar of an unknown god.
   919 | D:2      | Reached XP level 3. HP: 33/33 MP: 2/2
  1046 | D:2      | Found Zeusig's Distillery.
  1229 | D:2      | Reached XP level 4. HP: 41/41 MP: 3/3
  1803 | D:3      | Reached skill level 1 in Dodging
  2522 | D:4      | Found a runed translucent door.
  2523 | D:4      | Noticed Crazy Yiuf
  2609 | D:4      | Reached XP level 5. HP: 40/47 MP: 4/4
  2738 | D:4      | Found a staircase to the Ecumenical Temple.
  2753 | Temple   | Entered the Ecumenical Temple
  2753 | Temple   | Found a transporter.
  2753 | Temple   | Found a transporter.
  2755 | Temple   | Found a transporter.
  2755 | Temple   | Found a transporter.
  2777 | Temple   | Became a worshipper of Trog the Wrathful
  2851 | D:4      | Killed from afar by an orc priest

Illustrated notes

Levels and vault maps discovered:
D:1:      dreamdust_arrival_beginning_and_end, layout_basic,
          ebering_ecumenical_altar_webs, serial_rivers,
          chequers_serial_rivers_micro_c, chequers_serial_rivers_large_a,
          chequers_serial_rivers_marsh, chequers_serial_rivers_micro_d,
          chequers_serial_rivers_marsh, minivault_26
D:2:      layout_basic, serial_shops, shop
D:3:      layout_basic
D:4:      layout_basic, minmay_temple_entry_statues_fountains,
          uniq_crazy_yiuf_cottage
Temple:   hellmonk_temple_divided_pantheon

Skill      XL: |  1  2  3  4 |
---------------+-------------+-----
Shields        | 4 |  4.5
Fighting       | 4 |  4.4
Armour         | 4 |  4.3
Axes           | 3 4 |  4.2
Dodging        | 1 |  1.7

Action                   |  1- 3 |  4- 6 || total
-------------------------+-------+-------++-------
Melee: War axe           |    62 |    56 ||   118
       Headbutt          |    11 |    11 ||    22
Armor: Scale mail        |    41 |     1 ||    42
       Chain mail        |       |    45 ||    45
Dodge: Dodged            |    35 |    25 ||    60
Block: Buckler           |    13 |    12 ||    25
